cohdb
Replays
Latest Replays
All Replays
Popular Replays
Top Player Replays
Match Explorer
How It Works
Community
CoH3 Stats
Reddit
Sign in to upload your games and track your stats! →
Sign in with Steam
Match 42716594
Unlisted
Match 42716594
Overview
Messages
Build Orders
End
Construct Infanterie Kompanie
Selects Breakthrough Battlegroup
Selects Assault Grenadiers
MG 42 Machine Gun Team
Grenadier Squad
Grenadier Squad
Construct Panzergrenadier Kompanie
251 Medium Carrier
Selects Smoke Bombing Run
Panzergrenadier Squad
Support Elements
Smoke Bombing Run
Nebelwerfer 42 Rocket Launcher Team
Forward Retreat Point
Selects Mechanized Assault Group
Infanterie Officer Quarters
Selects Rapid Production
StuG III G Assault Gun
251 Medium Carrier
Grenadier Squad
Mechanized Assault Group
Selects Blitzkrieg
Pioneer Squad
StuG III G Assault Gun
AI Takeover
Lulu
JayS
Thrusher
Caezzar
6block
Dar
Cavalier
KazakBoss4
0
0
Comments
sign in to comment!
No comments posted yet!